 Dungeon Crawl Stone Soup version 0.26.0-45-g9c1d065592 (webtiles) character file.

Game seed: 2709136139918624648

27 kaeus the Ruffian (level 2, -6/25 HPs)
             Began as a Draconian Transmuter on Feb 1, 2021.
             Mangled by Terence
             ... wielding a +3 hand axe
              (9 damage)
             ... on level 2 of the Dungeon.
             The game lasted 00:00:56 (1369 turns).

kaeus the Ruffian (Draconian Transmuter)            Turns: 1369, Time: 00:00:57

Health: -6/25      AC:  4    Str: 12    XL:     2   Next: 93%
Magic:  5/5        EV: 12    Int: 13    God:
Gold:   43         SH:  0    Dex: 11    Spells: 4/5 levels left

rFire    . . .     SeeInvis .     - Unarmed
rCold    . . .     Faith    .   (no shield)
rNeg     . . .     Spirit   .   (armour unavailable)
rPois    .         Reflect  .   (helmet currently unavailable)
rElec    .         Harm     .   (no cloak)
rCorr    .         Rampage  .   (no gloves)
Will     .....                  (boots currently unavailable)
Stlth    +.........             (no amulet)
HPRegen  0.08/turn              (no ring)
MPRegen  0.09/turn              (no ring)

@: appendages (expiring)
A: unfitting armour, horns 2, talons 2, cold-blooded, AC +4
a: End Transformation


You were on level 2 of the Dungeon.
You had grown temporary horns.
You had grown temporary talons.
You visited 1 branch of the dungeon, and saw 2 of its levels.

You collected 43 gold pieces.

Inventory:

Scrolls
 a - a scroll of blinking {unknown}
 b - 2 scrolls of remove curse {unknown}
 c - a scroll of magic mapping {unknown}
 d - a scroll of amnesia {unknown}
 e - a scroll of enchant weapon {unknown}
 f - a scroll of fog {unknown}


   Skills:
 + Level 2.3 Fighting
 - Level 1.7 Dodging
 + Level 3.6 Unarmed Combat
 - Level 2.0 Spellcasting
 - Level 2.0 Transmutations


You had 4 spell levels left.
You knew the following spells:

 Your Spells              Type           Power        Failure   Level
a - Beastly Appendage     Tmut           12%          11%         1

Your spell library contained the following spells:

 Spells                   Type           Power        Failure   Level
 Wereblood                Tmut           6%           17%         2
 Corona                   Hex            1%           26%         1
 Ensorcelled Hibernation  Hex/Ice        2%           36%         2
 Spider Form              Tmut/Pois      1%           45%         3
 Confusing Touch          Hex            1%           58%         3
 Dazzling Flash           Conj/Hex       2%           58%         3
 Tukima's Dance           Hex            1%           58%         3
 Ice Form                 Ice/Tmut       3%           86%         4
 Blade Hands              Tmut           3%           97%         5


Dungeon Overview and Level Annotations

Branches:
Dungeon (2/15)

Altars:

Annotations:
D:2 Terence


Innate Abilities, Weirdness & Mutations

Your plain brown scales are hard. (AC +4)
You cannot fit into any form of body armour.
You are cold-blooded and may be slowed by cold attacks.
You have a pair of horns on your head.
You have razor-sharp toenails.


Message History

Terence completely misses you.
You closely miss Terence. You claw Terence, but do no damage.
Terence is heavily wounded.
Your transformation is almost over.
Terence barely misses you.
You hit Terence but do no damage. Your kick misses Terence.
Your headbutt misses Terence.
Terence is heavily wounded.
Terence hits you with a +3 hand axe!
You take 8 damage, and have 10/25 hp.
MASSIVE DAMAGE!!
You hit Terence but do no damage.
Your tail-slap misses Terence.
Terence is heavily wounded.
You hit Terence but do no damage.
Terence is heavily wounded.
Terence hits you with a +3 hand axe!
* * * LOW HITPOINT WARNING * * *
You take 7 damage, and have 3/25 hp.
MASSIVE DAMAGE!!
MP restored: 5 Terence hits you with a +3 hand axe!
You die...

################.#
.........# #.#
.........# #.#
......†..# #.#
.....$...##### #.#
.........'...# #.#
.........###.# #.#
.....$...# #@# #.#
...####### #@###.#
## #.....# #######


You could see Terence.

Vanquished Creatures
  A worm (D:2)
  3 leopard geckos (D:1)
  2 bats
  A giant cockroach (D:1)
  3 goblins
  4 hobgoblins (D:1)
  A frilled lizard (D:1)
  3 kobolds (D:1)
  A rat (D:1)
19 creatures vanquished.

Notes
Turn   | Place    | Note
-------+----------+-------------------------------------------
     0 | D:1      | kaeus the Draconian Transmuter began the quest for the Orb.
     0 | D:1      | Reached XP level 1. HP: 16/16 MP: 3/3
   585 | D:1      | Reached XP level 2. HP: 17/24 MP: 3/5
  1343 | D:2      | Noticed Terence
  1369 | D:2      | Mangled by Terence

Illustrated notes

Levels and vault maps discovered:
D:1:      beargit_arrival_greenhouse, layout_basic
D:2:      layout_basic, uniq_terence

Skill      XL: |  1  2 |
---------------+-------+-----
Fighting       | 2 |  2.3
Dodging        | |  1.7
Unarmed Combat | |  3.6
Spellcasting   | |  2.0
Transmutations | |  2.0

Action                   || total
-------------------------++-------
Melee: Unarmed           ||    66
       Headbutt          ||     6
       Tailslap          ||     6
       Kick              ||    11
 Cast: Beastly Appendage ||    14
Armor: Skin              ||     8
Dodge: Dodged            ||    40
